 Dungeon Crawl Stone Soup version 0.31-a0-532-g28f74ba3e5 (webtiles) character file.

Game seed: 15585245953150548983

2484 Pooter the Grappler (level 9, 0/89 HPs)
             Began as a Troll Fighter on Aug 13, 2023.
             Was a Believer of Okawaru.
             Slain by a killer bee (7 damage)
             ... on level 8 of the Dungeon.
             The game lasted 00:32:00 (5824 turns).

Pooter the Grappler (Troll Fighter)                 Turns: 5824, Time: 00:32:01

Health: 0/89       AC:  4    Str: 34    XL:     9   Next: 27%
Magic:  8/9        EV: 12    Int:  4    God:    Okawaru [**....]
Gold:   52         SH:  5    Dex: 11    Spells: 8/8 levels left

rFire   + .          .
                       - Unarmed
rCold   + . .        (no shield)
rNeg    . . .        a - +0 robe
rPois   .            (helmet restricted)
rElec   .            F - scarf {rC+ rF+}
rCorr   .            (gloves unavailable)
SInv    .            (boots unavailable)
Will    .....        m - amulet of reflection
Stlth   +++          A - +6 ring of strength
HPRegen 1.14/turn    (no ring)
MPRegen 0.11/turn

%: reflection
@: mighty, lethally poisoned (0 -> 0), heroic, slowed, very slow
A: large, unfitting armour, claws 3, regeneration 1, shaggy fur 1, tough skin 1
a: Renounce Religion, Heroism


You were on level 8 of the Dungeon.
You worshipped Okawaru.
Okawaru was pleased with you.
You visited 2 branches of the dungeon, and saw 9 of its levels.

You collected 386 gold pieces.
You spent 334 gold pieces at shops.

Inventory:

Hand Weapons
 b - a +0 longbow of flaming
   (You found it on level 7 of the Dungeon)
 u - a +3 dagger of holy wrath
   (You took it off an orc on level 5 of the Dungeon)
 B - a +0 sling
   (You found it on level 2 of the Dungeon)
 C - a +0 halberd
   (You took it off a gnoll on level 5 of the Dungeon)
 D - the +6 dagger of Cuyzir {freeze, rPois rCorr MP+9 Stlth+}
   (You found it on level 7 of the Dungeon)

   rPois:     It protects you from poison MP+9: It affects your magic capacity
   (+9).
   rCorr:     It protects you from acid and corrosion.
   Stlth+:    It makes you more stealthy.
 E - a +0 sling of draining
   (You bought it in a shop on level 7 of the Dungeon)
Missiles
 x - 3 throwing nets {!f}
 Q - 59 stones (quivered)
Armour
 a - a +0 robe (worn)
 k - a +0 kite shield
 F - a scarf of resistance (worn)
   (You bought it in a shop on level 7 of the Dungeon)
Jewellery
 m - an amulet of reflection (around neck)
   (You found it on level 3 of the Dungeon)
 A - a +6 ring of strength (left claw)
   (You found it on level 6 of the Dungeon)
Wands
 h - a wand of roots (9)
   (You found it on level 2 of the Dungeon)
Scrolls
 f - a scroll of poison {unknown}
 g - 2 scrolls of noise {unknown}
 i - a scroll of identify {@r1}
 j - a scroll of fear {unknown}
 l - a scroll of vulnerability {unknown}
 n - a scroll of brand weapon
 s - a scroll of amnesia
 t - a scroll of blinking
 v - 2 scrolls of teleportation {unknown}
 y - a scroll of enchant weapon {unknown}
Potions
 d - 2 potions of lignification {unknown}
 e - a potion of heal wounds {unknown}
 o - 3 potions of curing {unknown}
 p - 2 potions of brilliance {unknown}
 q - a potion of enlightenment {unknown}
 r - 2 potions of magic
 w - 2 potions of berserk rage {unknown}
 z - 2 potions of mutation {unknown}
 G - a potion of haste {unknown}


   Skills:
 + Level 6.2(11.2) Fighting
 * Level 2.0(7.0) Ranged Weapons
 - Level 2.4(7.4) Dodging
 - Level 0.3(5.3) Stealth
 - Level 2.6(7.6) Shields
 * Level 9.9(14.9) Unarmed Combat
 + Level 1.7 Invocations


You had 8 spell levels left.
You didn't know any spells.
Your spell library contained the following spells:

 Spells                   Type           Power      Damage    Failure   Level
 Necrotise                Necr           0%         1d4       50%         1
 Portal Projectile        Hex/Tloc       0%         N/A       86%         3
 Vampiric Draining        Necr           0%         2d6       86%         3
 Vhi's Electric Charge    Tloc/Air       0%         N/A       86%         3
 Leda's Liquefaction      Hex/Erth       0%         N/A       99%         4
 Agony                    Necr           0%         N/A       100%        5
 Arcjolt                  Conj/Air       0%         1d10      100%        5
 Plasma Beam              Fire/Air       0%         2x1d10    100%        6
 Call Canine Familiar     Summ           Unusable   N/A       N/A         3

Dungeon Overview and Level Annotations

Branches:
Dungeon (8/15) Zot: 26632  Temple (1/1) D:4 Zot: 5975
   Lair: D:8-11

Altars:
Ashenzari
Cheibriados
Dithmenos
Elyvilon
Fedhas
Gozag
Hepliaklqana
Kikubaaqudgha
Makhleb
Nemelex Xobeh
Okawaru
Qazlal
Ru
Sif Muna
Trog
Uskayaw
Vehumet
Wu Jian
Xom
Yredelemnul
Zin
The Shining One

Shops:
D:6 *   D:7 ![(


Innate Abilities, Weirdness & Mutations

You are too large for most types of armour.
You have claws for hands.
Your natural rate of healing is unusually fast.
You are covered in fur. (AC +1)
You have tough skin. (AC +1)


Message History

You gain the combat prowess of a mighty hero.
You hear the steady creaking of a portcullis very nearby.
The hornet stings you!
You are poisoned.
You feel yourself slow down.
You feel very sick. The hornet closely misses you. The hornet stings you.
You are more poisoned.
You feel as though you will be slow longer.
You miss the hornet.
The killer bee buzzes angrily.
Your claw misses the hornet.
You feel very sick.
You hear an angry buzzing noise.
The hornet stings you.
You feel as though you will be slow longer.
You barely miss the hornet.
You feel very sick. The hornet barely misses you. x2
You barely miss the hornet. Your claw misses the hornet.
You feel very sick. The hornet stings you!
You feel as though you will be slow longer.
The hornet misses you.
You closely miss the hornet.
You feel sick. The hornet stings you.
* * * LOW HITPOINT WARNING * * *
You feel as though you will be slow longer.
You feel very mighty all of a sudden.
You feel sick. You block the hornet's attack. The hornet stings you.
* * * LOW HITPOINT WARNING * * *
You are more poisoned.
You feel as though you will be slow longer.
You closely miss the hornet.
You feel very sick. You block the hornet's attack. The hornet stings you.
* * * LOW HITPOINT WARNING * * *
You feel as though you will be slow longer.
You barely miss the hornet.
You feel very sick. The hornet barely misses you. The hornet stings you!
* * * LOW HITPOINT WARNING * * *
You feel as though you will be slow longer.
You miss the hornet.
You feel sick. You block the hornet's attack.
Unknown command.
You mangle the hornet!!
You kill the hornet!
Okawaru accepts your kill.
You feel very sick. The killer bee stings you!
You die...

#### #######..## #######
##.........#
.......#####..#######.##
.....$.#yy@..## #..##
........y##### #...#
.......### #.#.# .......
#.#.# .......
#######...# .......
.###.........### .###%#.
.............#.. #.#.
#............ #.#.
#.####..........


You could see 3 killer bees.

Vanquished Creatures
  A hornet (D:8)
  Grum (D:8)
  2 ice beasts (D:6)
  A sky beast (D:7)
  An ogre (D:5)
  5 black bears
  An orc warrior (D:5)
  2 wolves (D:7)
  3 phantoms
  A bullfrog (D:6)
  3 scorpions
  An electric eel (D:7)
  A jelly (D:6)
  2 orc priests
  3 hounds
  A gnoll bouda (D:8)
  3 orc wizards
  5 iguanas
  Robin (D:4)
  15 gnolls
  6 adders
  4 white imps
  An ufetubus (D:5)
  5 dart slugs
  15 orcs
  3 bats
  10 endoplasms
  3 giant cockroaches
  17 goblins
  5 hobgoblins
  6 jackals
  5 quokkas
  10 ball pythons
  2 frilled lizards (D:2)
  10 kobolds
  5 rats
160 creatures vanquished.

Notes
Turn   | Place    | Note
-------+----------+-------------------------------------------
     0 | D:1      | Pooter the Troll Fighter began the quest for the Orb.
     0 | D:1      | Reached XP level 1. HP: 22/22 MP: 0/0
   196 | D:1      | Reached XP level 2. HP: 29/29 MP: 1/1
   919 | D:2      | Reached skill level 3 in Unarmed Combat
   919 | D:2      | Reached XP level 3. HP: 36/36 MP: 2/2
  1461 | D:3      | Reached XP level 4. HP: 42/45 MP: 3/3
  1856 | D:3      | Reached skill level 4 in Unarmed Combat
  2180 | D:4      | Reached XP level 5. HP: 53/53 MP: 4/4
  2191 | D:4      | Noticed an ogre
  2331 | D:4      | Noticed a black bear
  2350 | D:3      | Killed a black bear
  2351 | D:3      | Reached skill level 5 in Unarmed Combat
  2351 | D:3      | Reached XP level 6. HP: 57/62 MP: 5/5
  2393 | D:4      | Found a staircase to the Ecumenical Temple.
  2406 | Temple   | Entered the Ecumenical Temple
  2418 | Temple   | Became a worshipper of Warmaster Okawaru
  2522 | D:4      | Found a radiant altar of Vehumet.
  2649 | D:4      | Reached skill level 6 in Unarmed Combat
  2680 | D:4      | Noticed Robin
  2699 | D:4      | Killed Robin
  2941 | D:5      | Entered Level 5 of the Dungeon
  3056 | D:5      | Reached XP level 7. HP: 70/70 MP: 6/6
  3375 | D:5      | Reached * piety under Okawaru
  3643 | D:5      | Reached skill level 7 in Unarmed Combat
  3908 | D:5      | Reached skill level 5 in Fighting
  3925 | D:5      | Reached XP level 8. HP: 60/80 MP: 7/7
  4121 | D:6      | Reached skill level 8 in Unarmed Combat
  4575 | D:6      | Found Zureiggiud's Overcharged Wands.
  4613 | D:6      | Reached ** piety under Okawaru
  4723 | D:6      | Reached skill level 9 in Unarmed Combat
  4939 | D:7      | Found an ornate altar of the Wu Jian Council.
  4994 | D:7      | Found a hazy altar of Hepliaklqana.
  5057 | D:7      | Found a basalt altar of Yredelemnul.
  5146 | D:7      | Reached skill level 1 in Ranged Weapons
  5214 | D:7      | Found Eqygh's Antique Armour Emporium.
  5222 | D:7      | Bought an embroidered scarf for 256 gold pieces
  5238 | D:7      | Reached skill level 1 in Invocations
  5238 | D:7      | Reached XP level 9. HP: 89/89 MP: 8/8
  5253 | D:7      | Identified the +6 dagger of Cuyzir {freeze, rPois rCorr
                  | MP+9 Stlth+}
  5375 | D:7      | Found Ocichoi's Weapon Shoppe.
  5381 | D:7      | Bought a +0 sling of draining for 65 gold pieces
  5445 | D:7      | Found Asauf's Distillery.
  5453 | D:7      | Bought a potion of degeneration for 13 gold pieces
  5458 | D:8      | Noticed Grum
  5536 | D:8      | Killed Grum
  5824 | D:8      | Slain by a killer bee

Illustrated notes

Levels and vault maps discovered:
D:1:      minmay_arrival_nine_rooms, layout_basic
D:2:      layout_basic
D:3:      layout_loops_ring
D:4:      layout_gridville, mainiacjoe_overflow_small_starburst,
          minmay_temple_entry_mini_moons, minmay_quantized, uniq_robin
D:5:      layout_basic
D:6:      layout_loops_ring, chequers_serial_rivers_small_b,
          nicolae_shop_overcharged_wands
D:7:      layout_rooms, mainiacjoe_overflow_catch_the_wave,
          mainiacjoe_overflow_cross_hatched, serial_shops,
          nicolae_shop_bloodbath_and_beyond, shop, shop
D:8:      layout_rooms, enter_bailey_7, uniq_grum
Temple:   dpeg_three_leaves_temple

Skill      XL: |  1  2  3  4  5  6  7  8  9 |
---------------+----------------------------+-----
Unarmed Combat | 3 4 5 6 7 9 |  9.9
Fighting       | 3 4 5 6 |  6.2
Ranged Weapons | 1 2 |  2.0
Invocations    | 1 |  1.7
Dodging        | |  2.4
Stealth        | |  0.3
Shields        | |  2.6

Action                     |  1- 3 |  4- 6 |  7- 9 || total
---------------------------+-------+-------+-------++-------
  Melee: Unarmed           |    74 |   133 |   163 ||   370
   Fire: Sling             |    15 |    63 |    32 ||   110
         Longbow           |       |       |    31 ||    31
  Throw: Stone             |       |     3 |     3 ||     6
 Invoke: Heroism           |       |       |     8 ||     8
  Evoke: Wand              |       |       |     9 ||     9
    Use: Scroll            |       |     3 |     1 ||     4
         Potion            |       |     1 |     1 ||     2
   Stab: Sleeping          |     1 |       |       ||     1
 Armour: Robe              |    15 |    40 |    19 ||    74
  Dodge: Dodged            |    29 |    45 |    57 ||   131
  Block: Kite shield       |    26 |   109 |    61 ||   196
         Reflection        |       |     4 |     1 ||     5
         Other             |       |       |    15 ||    15

Table legend: (Time is in decaauts)
 A = Elapsed time spent in this place.
 B = Non-inter-level travel time spent in this place.
 C = Inter-level travel time spent in this place.
 D = Time resting spent in this place.
 E = Time spent auto-exploring this place.
 F = Levels seen in this place.
 G = Mean time per level.
                   A        B        C        D        E       F      G
               +--------+--------+--------+--------+--------+-----+--------+
         Total |   5854 |   5679 |    175 |    751 |   3515 |   9 |  650.4 |
       Dungeon |   5829 |   5665 |    164 |    751 |   3515 |   8 |  728.6 |
        Temple |     24 |     13 |     11 |      0 |      0 |   1 |   24.0 |
               +--------+--------+--------+--------+--------+-----+--------+

Top non-repeatable levels by time:
     D:5: 1149 daAuts
     D:3: 875 daAuts
     D:6: 801 daAuts
     D:2: 739 daAuts
     D:1: 702 daAuts
     D:4: 653 daAuts
     D:7: 609 daAuts
     D:8: 298 daAuts
  Temple: 24 daAuts
